 Dungeon Crawl Stone Soup version 0.26.0-16-gc1dbca0489 (webtiles) character file.

Game seed: 6050086856690460793

63 kreisler the Sneak (level 4, -3/29 HPs)
             Began as an Octopode Brigand on Jan 20, 2021.
             Slain by a gnoll
             ... wielding a +0 rapier
              (4 damage)
             ... on level 2 of the Dungeon.
             The game lasted 00:06:37 (1777 turns).

kreisler the Sneak (Octopode Brigand)               Turns: 1777, Time: 00:06:38

Health: -3/29      AC:  1    Str: 11    XL:     4   Next: 10%
Magic:  4/4        EV: 13    Int: 13    God:
Gold:   127        SH:  0    Dex: 13    Spells: 3/3 levels left

rFire    . . .     SeeInvis .   a - +2 dagger
rCold    . . .     Faith    .   (no shield)
rNeg     . . .     Spirit   .   (helmet restricted)
rPois    .         Reflect  .   i - amulet of magic regeneration
rElec    .         Harm     .   (no ring)
rCorr    .         Rampage  .   (no ring)
Will     .....                  (no ring)
Stlth    ++++......             (no ring)
HPRegen  0.09/turn              (no ring)
MPRegen  0.34/turn              (no ring)
                                (no ring)
                                (no ring)

@: about to teleport
A: almost no armour, stealthy swim, amphibious, 8 rings, constrict 8, camouflage
1, gelatinous body 1
a: no special abilities


You were on level 2 of the Dungeon.
You visited 1 branch of the dungeon, and saw 2 of its levels.

You collected 127 gold pieces.

Inventory:

Hand Weapons
 a - a +2 dagger (weapon)
Missiles
 c - 2 curare-tipped darts
 d - 7 poisoned darts (quivered)
Jewellery
 i - an amulet of magic regeneration (around mantle)
Scrolls
 e - 2 scrolls of identify
 f - a scroll of immolation {unknown}
 g - a scroll of teleportation
 h - a scroll of enchant armour {unknown}
Potions
 b - a potion of ambrosia


   Skills:
 + Level 2.1 Fighting
 + Level 2.3 Short Blades
 + Level 2.3 Throwing
 + Level 1.1 Dodging
 + Level 7.0 Stealth


You had 3 spell levels left.
You didn't know any spells.
Your spell library was empty.

Dungeon Overview and Level Annotations

Branches:
Dungeon (2/15)

Altars:


Innate Abilities, Weirdness & Mutations

You cannot wear most types of armour.
You are very stealthy in the water. (Stealth+)
You are amphibious.
You can wear up to eight rings at the same time.
You can use your tentacles to constrict eight enemies at once.
Your skin changes colour to match your surroundings (Stealth+).
Your rubbery body absorbs attacks. (AC +1, EV +1)


Message History

* * * LOW HITPOINT WARNING * * *
You hit the gnoll.
The gnoll is moderately wounded.
You constrict the gnoll.
Throw: 8 darts (poison)
Press: ? - help, Q - select action, (/) - cycle Shift-Dir - straight line, f - gnoll
Aim: a gnoll, wielding a +0 rapier (moderately wounded, constricted by you)
You throw a poisoned dart. The poisoned dart hits the gnoll.
The gnoll is poisoned.
The gnoll is moderately wounded.
You constrict the gnoll, but do no damage.
The gnoll completely misses you.
You hit the gnoll but do no damage.
The gnoll is moderately wounded.
You constrict the gnoll. The gnoll hits you with a +0 rapier!
* * * LOW HITPOINT WARNING * * *
As you read the scroll of teleportation, it crumbles to dust.
You feel strangely unstable.
You constrict the gnoll. The gnoll hits you with a +0 rapier.
You die...

##.#.# #.####### #.# #
..#..# #.# #.# # #.###
#.# #.# # ##.#.## #)#
#.# # ..<...# #.# #.# #
##...## #.# #.# ##..#
#########.# ###.# #..#
..)....g#.# #(..# # #..#
#@#.# #.### ...# #)#.#
#.# ###.## #>#.# #.#
.##># #.#.# #.##### .#
#.#.# #...... #
######.#.##############
........................
########################


You could see a gnoll (poisoned).

Vanquished Creatures
  2 gnolls (D:2)
  A worm (D:2)
  A dart slug (D:1)
  A leopard gecko (D:2)
  A ball python (D:2)
  3 giant cockroaches
  6 goblins
  3 hobgoblins
  2 jackals (D:2)
  3 bats
  2 frilled lizards (D:2)
  9 kobolds
  2 rats
36 creatures vanquished.

Notes
Turn   | Place    | Note
-------+----------+-------------------------------------------
     0 | D:1      | kreisler the Octopode Brigand began the quest for the Orb.
     0 | D:1      | Reached XP level 1. HP: 14/14 MP: 1/1
   140 | D:1      | Reached XP level 2. HP: 19/19 MP: 2/2
   154 | D:1      | Reached skill level 6 in Stealth
  1313 | D:2      | Reached XP level 3. HP: 21/24 MP: 3/3
  1770 | D:2      | Reached skill level 7 in Stealth
  1770 | D:2      | Reached XP level 4. HP: 20/29 MP: 4/4
  1776 | D:2      | HP: 1/29 [gnoll/+0 rapier (7)]
  1777 | D:2      | Slain by a gnoll

Illustrated notes

Levels and vault maps discovered:
D:1:      evilmike_arrival_rings, layout_basic
D:2:      layout_loops_ring, nicolae_qazlal_eye_of_the_storm

Skill      XL: |  1  2  3 |
---------------+----------+-----
Stealth        | 6 7 |  7.0
Fighting       | |  2.1
Short Blades   | |  2.3
Throwing       | |  2.3
Dodging        | |  1.1

Action                   |  1- 3 |  4- 6 || total
-------------------------+-------+-------++-------
Melee: Dagger            |    68 |     4 ||    72
       Constrict         |    14 |     1 ||    15
       Tentacles         |     8 |       ||     8
Throw: Dart              |     8 |     1 ||     9
  Use: Scroll            |     3 |     1 ||     4
       Potion            |     2 |       ||     2
 Stab: Sleeping          |    12 |       ||    12
Armor: Skin              |     6 |       ||     6
Dodge: Dodged            |    30 |     1 ||    31
